 Dungeon Sprint DCSS version 0.21.1-1-g345015f (webtiles) character file.

5400000 Fang the Sabretooth (level 18, -33/109 HPs)
             Began as a Felid Fighter on Apr 11, 2018.
             Was a High Priest of Makhleb.
             Annihilated by a meat berserker
             ... wielding a +9 battleaxe
              (88 damage)
             ... in the Dungeon (Sprint VIII: "Arena of Blood").
             The game lasted 00:01:37 (54 turns).

Fang the Sabretooth (Felid Fighter)                   Turns: 54, Time: 00:01:37

Health: -33/109    AC:  3    Str: 18    XL:     18   Next: 22%
Magic:  50/50      EV: 38    Int: 12    God:    Makhleb [*****.]
Gold:   0          SH:  0    Dex: 15    Spells: 71/71 levels left
                                        Lives:  0   Deaths: 2

rFire    . . .     SeeInvis +     - Unarmed
rCold    + . .     Gourm    .   (shield unavailable)
rNeg     . . .     Faith    .   (armour unavailable)
rPois    .         Spirit   .   (helmet unavailable)
rElec    .         Reflect  .   (cloak unavailable)
rCorr    .         Harm     .   (gloves unavailable)
MR       ++...     NoTele   +   (boots unavailable)
Stlth    +++++++++.             (no amulet)
HPRegen  0.28/turn              i - +27000 ring of slaying
MPRegen  0.32/turn              (no ring)

@: quick
A: very small, no armour, no weapons or thrown items, stealth, claws 1, fangs 3,
see invisible, carnivore, speed 1, shaggy fur 3, slow metabolism 1, sharp paws
a: Minor Destruction, Lesser Servant of Makhleb, Major Destruction, Greater
Servant of Makhleb, Renounce Religion


You were in the Dungeon.
You worshipped Makhleb.
Makhleb was extremely pleased with you.
You were not hungry.

You visited 1 branch

Inventory:

Jewellery
 i - a +27000 ring of slaying (left paw)
Scrolls
 h - a scroll of blinking
Potions
 a - a potion of might
 c - a potion of curing
 d - a potion of heal wounds
 e - a potion of haste
 f - 2 potions of magic
 g - a potion of berserk rage
Comestibles
 b - a ration


   Skills:
 O Level 27 Fighting
 O Level 27 Dodging
 O Level 27 Stealth
 O Level 27 Unarmed Combat
 O Level 27 Spellcasting
 O Level 27 Invocations


You had 71 spell levels left.
You didn't know any spells.

Dungeon Overview and Level Annotations

Branches:
Dungeon (1/1)

Altars:
Makhleb

Annotations:
D The Servant


Innate Abilities, Weirdness & Mutations

You cannot wear armour.
You are incapable of wielding weapons or throwing items.
Your paws allow you to move quietly. (Stealth)
You have sharp claws.
You have razor-sharp teeth.
You have supernaturally acute eyesight. (SInv)
You are carnivorous and can eat meat at any time.
You cover ground quickly.
Your thick and shaggy fur keeps you warm. (AC +3, rC+)
You have a slow metabolism.
Your sharp claws are effective at attacking unaware monsters.


Message History

The meat berserker completely misses you.
You hear a shout! x4
You eviscerate the bag of meat!!!!!!!!!!!
You kill the bag of meat!
Makhleb accepts your kill.
You feel better.
You hear a shout! x2
The accursed appears out of thin air!
An accursed comes into view.
The eight-headed meat hydra calls on the powers of darkness!
The eight-headed meat hydra convulses!
The bag of meat convulses! x2
Your body is wracked with pain!
The meat berserker convulses! x2
You hear a shout! x4
You eviscerate the bag of meat!!!!!!!!!!!
You kill the bag of meat!
Makhleb accepts your kill.
You hear a shout!
The meat berserker hits you with a +9 battleaxe!!!!
Ouch! That really hurt!
You die... ........... oo....

........... ....o..
.......... #.o....
#.......# .L.#o...
#.......# ..
.#....zo###§§§..).###...
...........§§###).......
....O#......§MO)).......
...#...O...#.VO@.#......
#....V.....#_.o)D#......
..#...V...#.....# .....
....#O†.....)_.........
.....Oo......###........
§.o..o..###.......###...
oo§...... #.......# .


oOOo..... #.......# O#.oo...........o.. You could see an accursed, an
eight-headed meat hydra, a destroyer, 2 meat berserkers and a bag of meat.

Vanquished Creatures
  4 vampire knights (D)
  An ogre (D)
  A two-headed ogre (D)
  12 orcs (D)
  A skeletal warrior (D)
19 creatures vanquished.

Notes
Turn   | Place    | Note
-------+----------+-------------------------------------------
     0 | D        | Fang the Felid Fighter began the quest for the Orb.
     0 | D        | Reached XP level 1. HP: 10/10 MP: 2/2
     3 | D        | Noticed a bag of meat
     3 | D        | Noticed a bag of meat
     4 | D        | Became a worshipper of Makhleb the Destroyer
     5 | D        | Noticed a meat berserker
     5 | D        | Killed a bag of meat
     5 | D        | Reached XP level 2. HP: 24/24 MP: 3/3
     5 | D        | Reached XP level 3. HP: 28/28 MP: 4/4
     5 | D        | Reached XP level 4. HP: 32/32 MP: 5/5
     5 | D        | Reached XP level 5. HP: 36/36 MP: 6/6
     5 | D        | Gained mutation: You are covered in thick fur. (AC +2) [Felid growth]
     5 | D        | Reached XP level 6. HP: 40/40 MP: 7/7
     5 | D        | Reached XP level 7. HP: 43/43 MP: 8/8
     5 | D        | Reached XP level 8. HP: 48/48 MP: 9/9
     5 | D        | Reached XP level 9. HP: 51/51 MP: 10/10
     5 | D        | Reached XP level 10. HP: 55/55 MP: 11/11
     5 | D        | Reached XP level 11. HP: 59/59 MP: 12/12
     7 | D        | Noticed a bag of meat
     7 | D        | Killed a meat berserker
     7 | D        | Reached * piety under Makhleb
     7 | D        | Gained mutation: Your thick and shaggy fur keeps you warm. (AC +3, rC+) [Felid growth]
     7 | D        | Reached XP level 12. HP: 68/68 MP: 13/13
     7 | D        | Reached XP level 13. HP: 72/72 MP: 14/14
     8 | D        | Noticed a bag of meat
    10 | D        | Killed a bag of meat
    10 | D        | Reached skill level 27 in Unarmed Combat
    10 | D        | Reached XP level 14. HP: 78/78 MP: 15/15
    12 | D        | Noticed a bag of meat
    12 | D        | Noticed a bag of meat
    12 | D        | Killed a bag of meat
    13 | D        | Noticed a bag of meat
    15 | D        | Killed a bag of meat
    15 | D        | Reached ** piety under Makhleb
    15 | D        | Reached XP level 15. HP: 87/87 MP: 16/16
    18 | D        | Reached skill level 27 in Dodging
    23 | D        | Noticed a destroyer
    23 | D        | Reached skill level 27 in Fighting
    25 | D        | Noticed a destroyer
    26 | D        | Killed a destroyer
    26 | D        | Reached *** piety under Makhleb
    26 | D        | Reached XP level 16. HP: 100/100 MP: 16/34
    27 | D        | Noticed a large bag of meat
    27 | D        | Noticed a destroyer
    28 | D        | Reached skill level 15 in Invocations
    28 | D        | Reached XP level 17. HP: 104/104 MP: 16/36
    32 | D        | Reached **** piety under Makhleb
    33 | D        | Killed a destroyer
    33 | D        | Reached skill level 27 in Stealth
    33 | D        | Reached XP level 18. HP: 109/109 MP: 17/44
    35 | D        | Noticed an eight-headed meat hydra
    35 | D        | Killed a large bag of meat
    38 | D        | Noticed a sculptor of flesh
    39 | D        | Noticed a destroyer
    40 | D        | Killed a sculptor of flesh
    40 | D        | Reached ***** piety under Makhleb
    40 | D        | Reached skill level 27 in Invocations
    40 | D        | Reached XP level 19. HP: 83/113 MP: 18/50
    41 | D        | Noticed a meat berserker
    41 | D        | Noticed a destroyer
    41 | D        | Noticed a destroyer
    42 | D        | Killed a destroyer
    42 | D        | Reached skill level 27 in Spellcasting
    43 | D        | Annihilated by a destroyer
    44 | D        | Reached XP level 18. HP: -133/109 MP: 19/50
    44 | D        | Noticed a meat berserker
    44 | D        | Noticed a meat berserker
    44 | D        | Noticed a destroyer
    44 | D        | Noticed The Servant
    44 | D        | Noticed a sculptor of flesh
    45 | D        | Noticed a meat berserker
    45 | D        | Noticed a destroyer
    46 | D        | Noticed a large bag of meat
    47 | D        | Noticed a meat berserker
    47 | D        | Noticed a tyrant
    49 | D        | Noticed a meat berserker
    49 | D        | Noticed a meat berserker
    49 | D        | Noticed a meat berserker
    49 | D        | Noticed a large bag of meat
    49 | D        | Noticed a destroyer
    49 | D        | Slain by a meat berserker
    50 | D        | Reached XP level 17. HP: -5/104 MP: 49/49
    51 | D        | Killed a destroyer
    51 | D        | Reached XP level 18. HP: 109/109 MP: 50/50
    54 | D        | Noticed an accursed
    54 | D        | Annihilated by a meat berserker

Skill      XL: |  1  2  3  4  5  6  7  8  9 10 11 12 13 14 15 16 17 18 19 |
---------------+----------------------------------------------------------+-----
Fighting       | 13 17 18 22 27 | 27.0
Dodging        | 16 20 22 26 27 | 27.0
Unarmed Combat | 21 25 27 | 27.0
Stealth        | 19 21 27 | 27.0
Spellcasting   | 13 14 21 26 27 | 27.0
Invocations    | 14 15 23 27 | 27.0

Action                   |  1- 3 |  4- 6 |  7- 9 | 10-12 | 13-15 | 16-18 | 19-21 || total
-------------------------+-------+-------+-------+-------+-------+-------+-------++-------
Melee: Unarmed           |     1 |       |       |     1 |     6 |    10 |     1 ||    19
Dodge: Dodged            |       |       |       |       |     1 |     8 |     2 ||    11
